 Dungeon Crawl Stone Soup version 0.18.1-48-g4cf74bf (webtiles) character file.

67 atgrul the Conjurer (level 4, 0/36 HPs)
             Began as a Draconian Conjurer on Aug 4, 2016.
             Succumbed to an adder's poison
             ... on level 2 of the Dungeon.
             The game lasted 00:05:51 (1861 turns).

atgrul the Conjurer (Draconian Conjurer)            Turns: 1861, Time: 00:05:52

Health: 0/36       AC:  5    Str: 12    XL:     4   Next: 0%
Magic:  2/8        EV: 12    Int: 15    God:
Gold:   56         SH:  0    Dex: 11    Spells: 1 memorised, 7 levels left

rFire  . . .     SeeInvis .     j - +0 club
rCold  . . .     Gourm    .     (armour unavailable)
rNeg   . . .     Faith    .     (no shield)
rPois  .         Spirit   .     (helmet restricted)
rElec  .         Dismiss  .     (no cloak)
rCorr  .         Reflect  .     (no gloves)
SustAt .         Harm     .     (no boots)
MR     .....                    (no amulet)
Stlth  ++........               (no ring)
                                (no ring)

@: lethally poisoned (0 -> -1), not resistant to hostile enchantments,
unstealthy
A: unfitting armour, cold-blooded, AC +5
a: no special abilities


You were on level 2 of the Dungeon.
You were not hungry.

You visited 1 branch of the dungeon, and saw 2 of its levels.

You collected 56 gold pieces.

Inventory:

Hand Weapons
 j - a +0 club (weapon)
Jewellery
 l - an uncursed ring of flight {unknown}
Wands
 f - a wand of paralysis (11/24)
Scrolls
 d - a scroll of magic mapping {unknown}
 e - 3 scrolls of enchant armour {unknown}
 h - a scroll of immolation {unknown}
 k - 3 scrolls of identify {unknown}
 m - a scroll of amnesia {unknown}
 o - a scroll of recharging {unknown}
 p - a scroll of blinking {unknown}
 s - a scroll of remove curse {unknown}
Potions
 g - 2 potions of curing {unknown}
 i - a potion of cancellation {unknown}
 n - a potion of mutation {unknown}
Books
 a - a book of Conjurations

   Spells                             Type                      Level
   a - Magic Dart                     Conjuration                  1
   b - Searing Ray                    Conjuration                  2
   c - Dazzling Spray                 Conjuration/Hexes            3
   d - Fulminant Prism                Conjuration/Hexes            4
   e - Iskenderun's Mystic Blast      Conjuration                  4
   f - Iskenderun's Battlesphere      Conjuration/Charms           5
Comestibles
 b - 5 bread rations
 c - 2 fruits
 q - a beef jerky
 r - 2 chunks of flesh


   Skills:
 * Level 2.0 Fighting
 - Level 1.7 Dodging
 - Level 1.7 Stealth
 + Level 2.7 Spellcasting
 + Level 4.6 Conjurations


You had 7 spell levels left.
You knew the following spells:

 Your Spells              Type           Power        Failure   Level  Hunger
a - Magic Dart            Conj           ###.         3%          1    #......


Dungeon Overview and Level Annotations

Branches:
Dungeon (2/15)

Altars:
Fedhas
Kikubaaqudgha
Qazlal
Trog
Zin


Innate Abilities, Weirdness & Mutations

Your plain brown scales are hard (AC +5).
Your body does not fit into most forms of armour.
You are cold-blooded and may be slowed by cold attacks.


Message History

The quokka is heavily wounded.
The quokka misses you. The quokka barely misses you.
You barely miss the quokka.
The quokka is heavily wounded.
You feel sick. The quokka misses you. The quokka bites you.
* * * LOW HITPOINT WARNING * * *
* * * LOW HITPOINT WARNING * * *
You feel sick.
Unknown command.
The quokka closely misses you.
* * * LOW HITPOINT WARNING * * *
You feel sick.
* * * LOW HITPOINT WARNING * * *
You feel sick.
The quokka bites you but does no damage.
The quokka twitches its whiskers.
* * * LOW HITPOINT WARNING * * *
You feel sick. The quokka closely misses you.
You die...

....# ### #.# #.....##.†
.##.###.###### #.# #.##..#...
###.##.#.....# #.###.###.#)..
#.###.####.# #.##......#[.. #.#
#.# #.# #.##..######..
#.###.####.##### #.##..# ###†
#..............# #.##..#####.#.
#####.####.###.###...........#.
#.# #....@.r..............
##.## #####.#####..#########
######...#######.#####..#
#.......................#
#.###....##...###..####)#
.#.#(...###...###..####.#
###....................<#
.#.#...............######
........#####.####.#


You could see a quokka.

Vanquished Creatures
  3 adders (D:2)
  2 worms (D:2)
  A dart slug (D:2)
  2 giant geckos (D:2)
  2 giant cockroaches (D:1)
  2 goblins
  4 hobgoblins
  5 kobolds
  9 bats
  2 giant newts
  A rat (D:1)
33 creatures vanquished.

Notes
Turn   | Place    | Note
--------------------------------------------------------------
     0 | D:1      | atgrul the Draconian Conjurer began the quest for the Orb.
     0 | D:1      | Reached XP level 1. HP: 14/14 MP: 3/3
   478 | D:1      | Reached XP level 2. HP: 22/22 MP: 1/5
   500 | D:2      | Reached skill level 1 in Fighting
  1140 | D:2      | Found an ancient bone altar of Kikubaaqudgha.
  1200 | D:2      | Reached XP level 3. HP: 27/29 MP: 0/6
  1581 | D:2      | Found a glowing silver altar of Zin.
  1584 | D:2      | Found a bloodstained altar of Trog.
  1590 | D:2      | Found a stormy altar of Qazlal.
  1806 | D:2      | Found a stormy altar of Qazlal.
  1827 | D:2      | Found a blossoming altar of Fedhas.
  1839 | D:2      | Reached XP level 4. HP: 14/36 MP: 0/8
  1853 | D:2      | HP: 1/36 [poisoned by an adder]
  1861 | D:2      | Succumbed to an adder's poison

Skill      XL: |  1  2  3 |
---------------+----------+-----
Fighting       | 1 2 |  2.0
Dodging        | |  1.7
Stealth        | |  1.7
Spellcasting   | |  2.7
Conjurations   | |  4.6

Action                   |  1- 3 |  4- 6 || total
-------------------------+-------+-------++-------
Melee: Unarmed           |     9 |       ||     9
       Tailslap          |     3 |       ||     3
       Club              |    28 |     4 ||    32
 Cast: Magic Dart        |    72 |     2 ||    74
  Eat: Chunk             |     4 |       ||     4
Armor: Skin              |    21 |     1 ||    22
Dodge: Dodged            |    29 |     8 ||    37
